 Dungeon Crawl Stone Soup version 0.29.0 (webtiles) character file.

Game seed: 7506209074007370254

117527 funkygono the Thaumaturge (level 16, -11/89 HPs)
             Began as a Gargoyle Fire Elementalist on Aug 23, 2022.
             Was the Champion of Vehumet.
             Blown up by a sun moth (50 damage)
             ... with a bolt of energy
             ... on level 2 of the Spider Nest on Aug 24, 2022.
             The game lasted 01:22:30 (31931 turns).

funkygono the Thaumaturge (GrFE)                   Turns: 31931, Time: 01:22:30

Health: -11/89     AC: 41    Str: 10    XL:     16   Next: 74%
Magic:  3/34       EV: 12    Int: 24    God:    Vehumet [******]
Gold:   1661       SH:  0    Dex: 10    Spells: 5/44 levels left

rFire   + + .      SeeInvis .   s - +9 flail (protect)
rCold   . . .      Faith    .   (no shield)
rNeg    + . .      Spirit   .   v - +3 ring mail {rF+}
rPois   ∞          Reflect  .   T - +1 helmet of the Destroying Gods {Harm rF+ Will++ Str-2}
rElec   +          Harm     +   k - +1 cloak
rCorr   .          Rampage  .   q - +1 pair of gloves
Will    +++..      Archmagi +   d - +0 pair of boots
Stlth   +.........              m - amulet of regeneration
HPRegen 1.04/turn               Q - +4 ring of protection
MPRegen 0.24/turn               y - ring of the Mage {Wiz Archmagi}

@: on fire, under a protective aura, flying, glowing
A: sickness immunity, AC +12, big wings, negative energy resistance 1,
electricity resistance, torment resistance 1, petrification resistance
a: Renounce Religion


You were on level 2 of the Spider Nest.
You worshipped Vehumet.
Vehumet was exalted by your worship.
You visited 5 branches of the dungeon, and saw 25 of its levels.
You also visited: Sewer and Volcano.

You collected 3032 gold pieces.
You spent 1371 gold pieces at shops.

Inventory:

Hand Weapons
 c - a +4 morningstar
 l - a +3 whip of electrocution
 s - a +9 flail of protection (weapon)
 D - the +3 mace of Modern Blind Justice {venom, rElec rN+ Dex+4}
   (You found it on level 12 of the Dungeon)

   It poisons the flesh of those it strikes.
   Dex:       It affects your dexterity (+4).
   rElec:     It insulates you from electricity.
   rN:        It protects you from negative energy.
Armour
 d - a +0 pair of boots (worn)
 k - a +1 cloak (worn)
 q - a +1 pair of gloves (worn)
 v - a +3 ring mail of fire resistance (worn)
 J - +0 swamp dragon scales
 T - the +1 helmet of the Destroying Gods (worn) {Harm rF+ Will++ Str-2}
   (You found it on level 11 of the Dungeon)

   Str:       It affects your strength (-2).
   rF:        It protects you from fire.
   Harm:      It increases damage dealt and taken.
   Will:      It greatly increases your willpower.
Jewellery
 a - a ring of protection from cold
 g - a +6 ring of intelligence
 m - an amulet of regeneration (around neck)
 o - the ring "Mosigh" {Ice rCorr Dex+5 SInv}
   (You bought it in a shop on level 2 of the Orcish Mines)

   [ring of ice]

   It enhances your ice magic.
   Dex:       It affects your dexterity (+5).
   rF:        It makes you vulnerable to fire.
   rC:        It protects you from cold.
   SInv:      It lets you see invisible.
   rCorr:     It protects you from acid and corrosion.
 y - the ring of the Mage (right hand) {Wiz Archmagi}
   (You bought it in a shop on level 10 of the Dungeon)

   [ring of wizardry]

   It improves your spell success rate.
   Archmagi:  It increases the power of your magical spells.
 Q - a +4 ring of protection (left hand)
Wands
 t - a wand of roots (18)
 w - a wand of paralysis (30)
 C - a wand of acid (21)
 F - a wand of mindburst (6)
 I - a wand of flame (52)
Scrolls
 j - 2 scrolls of fear
 n - a scroll of poison
 p - 7 scrolls of teleportation
 E - 4 scrolls of identify
Potions
 b - 4 potions of magic
 e - 10 potions of curing
 f - 5 potions of resistance
 h - a potion of heal wounds
 i - 4 potions of brilliance
 r - 3 potions of mutation
 z - 3 potions of ambrosia
 A - a potion of haste
 B - 4 potions of invisibility
 G - 3 potions of might
 L - 2 potions of cancellation


   Skills:
 + Level 6.3 Fighting
 + Level 9.3 Maces & Flails
 + Level 8.7 Armour
 + Level 6.5 Dodging
 + Level 4.3 Stealth
 + Level 14.8 Spellcasting
 + Level 14.7 Conjurations
 + Level 0.1 Translocations
 + Level 11.8 Fire Magic
 + Level 11.7 Earth Magic


You had 5 spell levels left.
You knew the following spells:

 Your Spells              Type           Power      Damage    Failure   Level
a - Foxfire               Conj/Fire      100%       2x1d9     1%          1
b - Scorch                Fire           100%       2d10      1%          2
c - Conjure Flame         Conj/Fire      89%        6-21      1%          3
d - Flame Wave            Conj/Fire      89%        2d19      1%          4
e - Blink                 Tloc           54%        N/A       4%          2
f - Searing Ray           Conj           100%       2d8       1%          2
g - Shock                 Conj/Air       100%       1d9       1%          1
h - Sandblast             Erth           100%       2d20      1%          1
i - Stone Arrow           Conj/Erth      100%       3d13      1%          3
j - Ignite Poison         Fire/Tmut/Pois 53%        N/A       1%          3
k - Starburst             Conj/Fire      44%        6d12      1%          6
l - Fireball              Conj/Fire      44%        3d18      1%          5
m - Iron Shot             Conj/Erth      44%        9d9       1%          6

Your spell library contained the following spells:

 Spells                   Type           Power      Damage    Failure   Level
 Lee's Rapid Deconstruct  Erth           42%        3d21*     1%          5
 Magic Dart               Conj           100%       1d8       0%          1
 Freeze                   Ice            100%       1d11      1%          1
 Inner Flame              Hex/Fire       62%        N/A       1%          3
 Mephitic Cloud           Conj/Pois/Air  58%        N/A       1%          3
 Fulminant Prism          Conj/Hex       34%        3d16      1%          4
 Hailstorm                Conj/Ice       68%        3d14      1%          4
 Beastly Appendage        Tmut           52%        N/A       2%          1
 Necrotise                Necr           100%       1d9       2%          1
 Slow                     Hex            100%       N/A       2%          1
 Frozen Ramparts          Ice            52%        1d8       2%          3
 Animate Armour           Summ/Erth      100%       N/A       2%          4
 Freezing Cloud           Conj/Ice/Air   29%        6-21      3%          5
 Ensorcelled Hibernation  Hex/Ice        52%        N/A       4%          2
 Wereblood                Tmut           26%        N/A       4%          2
 Lesser Beckoning         Tloc           27%        N/A       9%          3
 Portal Projectile        Hex/Tloc       54%        N/A       9%          3
 Spider Form              Tmut/Pois      26%        N/A       9%          3
 Tukima's Dance           Hex            26%        N/A       9%          3
 Vampiric Draining        Necr           26%        2d7       9%          3
 Anguish                  Hex/Necr       13%        N/A       26%         4
 Corpse Rot               Necr/Pois/Air  26%        N/A       26%         4
 Dispel Undead            Necr           26%        3d13      26%         4
 Passage of Golubria      Tloc           27%        N/A       26%         4
 Agony                    Necr           26%        N/A       56%         5
 Blade Hands              Tmut           13%        N/A       56%         5
 Manifold Assault         Tloc           27%        N/A       56%         5
 Silence                  Hex/Air        13%        N/A       56%         5
 Lehudib's Crystal Spear  Conj/Erth      44%        10d11     21%         8
 Ignition                 Fire           42%        3d12      32%         8
 Death Channel            Necr           13%        N/A       98%         6
 Simulacrum               Ice/Necr       13%        N/A       98%         6
 Polar Vortex             Ice            13%        N/A       100%        9


Dungeon Overview and Level Annotations

Branches:
Dungeon (15/15)            Temple (1/1) D:4            Lair (5/5) D:10
 Shoals (0/4) Lair:2       Spider (2/4) Lair:2        Slime (0/5) Lair:4
    Orc (2/2) D:12            Elf (0/3) Orc:2        Vaults (0/5) D:14
 Depths (0/4) D:15          Sewer (visited)         Volcano (visited)

Altars:
Ashenzari
Cheibriados
Dithmenos
Elyvilon
Fedhas
Gozag
Hepliaklqana
Kikubaaqudgha
Makhleb
Nemelex Xobeh
Okawaru
Qazlal
Ru
Sif Muna
Trog
Uskayaw
Vehumet
Wu Jian
Xom
Yredelemnul
Zin
The Shining One
Jiyva

Shops:
D:1 !   D:8 !(:   D:10 (=:[   Orc:2 ****!(*(?

Annotations:
D:14 1 transporter, Kapsuk's ghost, journeyman DECj


Innate Abilities, Weirdness & Mutations

You are immune to sickness and miasma.
Your stone body is resilient. (AC +12)
You are immune to poison.
Your large and strong wings let you fly.
You resist negative energy. (rN+)
You are resistant to electric shocks. (rElec)
You are resistant to unholy torment.
You are immune to petrification.


Message History

Vehumet accepts your kill.
You are covered in liquid flames!
The sun moth throws energy at you. The bolt of energy hits you!!
* * * LOW HITPOINT WARNING * * *
Unknown command.
You feel much better.
You are covered in liquid flames!
The sun moth bites you!
You miss the sun moth.
The sun moth is heavily wounded.
You are covered in liquid flames!
The sun moth bites you but does no damage.
You hit the sun moth but do no damage.
Your weapon exudes an aura of protection.
The sun moth is heavily wounded.
You are covered in liquid flames!
The sun moth misses you. The sun moth bites you.
You hit the sun moth.
The sun moth is heavily wounded.
You are covered in liquid flames!
You are no longer on fire.
The sun moth throws sticky fire at you.
The sticky flame hits you but does no damage.
You resist.
You are covered in liquid flames!
You barely miss the sun moth.
The sun moth is heavily wounded.
You are covered in liquid flames!
* * * LOW HITPOINT WARNING * * *
The sun moth bites you!
* * * LOW HITPOINT WARNING * * *
You are covered in liquid flames.
You are covered in liquid flames!
You feel much better.
You are covered in liquid flames!
The sun moth throws energy at you. The bolt of energy hits you!!!
Ouch! That really hurt!
You die...

..# #........†.....
....#.^..)..#......
##..####...## #....
#^..........## #..
#...........# #
##...^......#
##.#...#.^.#
###.†y#..##
##...@#.##
#.....###
######....##
###....>.....##
##.^.............
#.............>..
###...............
#.......##....##..#
#....#.#~#....## ..


You could see a sun moth.

Vanquished Creatures
  Donald (Spider:1)
  A stone giant (D:15)
  4 entropy weavers (Spider:1)
  An ettin (D:12)
  The ghost of Ereiziar the Protected, a journeyman DsFi of Ashenzari (D:11)
  2 hydras
  3 boulder beetles
  21 two-headed ogres
  4 centaur warriors
  A radroach (Spider:1)
  5 ogre magi
  4 death yaks
  A catoblepas (Lair:4)
  2 tengu warriors (D:15)
  Urug (D:12)
  A deep elf knight (D:14)
  A hell knight (Volcano)
  A sun demon (Volcano)
  A pharaoh ant (Spider:2)
  6 skeletal warriors
  A fire crab (shapeshifter) (D:14)
  A sea snake (shapeshifter) (D:15)
  2 steelbarb worms (Spider:2)
  Pikel (D:8)
  3 orc knights
  7 ugly things
  2 deep elf pyromancers
  5 manticores
  An orc sorcerer (Orc:1)
  6 wolf spiders
  5 cyclopes
  22 elephants
  Joseph (D:7)
  A guardian serpent (Lair:5)
  A torpor snail (Spider:1)
  14 black mambas
  2 molten gargoyles (Volcano)
  Maggie (D:9)
  4 demonic crawlers
  4 centaur skeletons (D:14)
  A gargoyle (D:12)
  3 unseen horrors
  A kobold demonologist (D:13)
  12 cane toads
  5 rime drakes
  An efreet (D:14)
  8 komodo dragons
  A troll (shapeshifter) (D:15)
  9 meliai
  2 red devils (Volcano)
  A queen bee (Lair:2)
  4 polar bears (Lair:3)
  5 trolls
  5 hornets
  A wind drake (Lair:2)
  7 blink frogs (Lair:3)
  3 tarantellas
  Prince Ribbit (D:7)
  14 dream sheep
  4 jumping spiders
  17 slime creatures
  17 wyverns
  Sigmund (D:6)
  A vampire (D:13)
  A shadow (D:10)
  3 wraiths (D:11)
  7 culicivoras
  25 yaks
  2 fire bats (Volcano)
  A steam dragon (D:8)
  3 basilisks
  8 vampire mosquitoes
  25 redbacks
  4 swamp worms (Lair:1)
  2 wargs
  An acid dragon (D:11)
  A hell hound (Volcano)
  35 water moccasins
  15 orc warriors
  2 sky beasts
  2 black bears
  34 ogres
  15 wolves
  2 phantoms (D:4)
  3 centaurs
  3 lemures (D:8)
  4 kobold brigands
  A necrophage (D:4)
  12 bullfrogs
  2 gnoll sergeants
  4 scorpions
  4 wights (D:7)
  29 killer bees
  2 howler monkeys (D:5)
  6 lava snakes (Volcano)
  3 hounds
  7 orc priests
  Crazy Yiuf (D:5)
  3 gnoll boudas
  6 iguanas
  15 orc wizards
  A hell rat (Sewer)
  24 gnolls
  12 adders
  A river rat (Sewer)
  2 white imps
  2 ufetubi
  3 worms
  3 dart slugs
  54 orcs
  8 ball pythons
  8 bats
  11 endoplasms
  3 giant cockroaches
  8 goblins
  5 hobgoblins
  8 quokkas
  7 frilled lizards
  28 kobolds
  12 rats
763 creatures vanquished.

Vanquished Creatures (collateral kills)
  17 foxfires
17 creatures vanquished.

Vanquished Creatures (others)
  A wolf (Lair:2)
  An orc (Orc:2)
  1327 foxfires
  40 fungi
  68 plants
1437 creatures vanquished.

Grand Total: 2217 creatures vanquished

Notes
Turn   | Place    | Note
-------+----------+-------------------------------------------
     0 | D:1      | funkygono the Gargoyle Fire Elementalist began the quest
                  | for the Orb.
     0 | D:1      | Reached XP level 1. HP: 10/10 MP: 3/3
   200 | D:1      | Reached XP level 2. HP: 11/15 MP: 0/5
   203 | D:1      | Learned a level 2 spell: Scorch
   589 | D:1      | Found Ijucif's Distillery.
   648 | D:1      | Reached XP level 3. HP: 19/19 MP: 4/6
   652 | D:1      | Learned a level 3 spell: Conjure Flame
  1480 | D:2      | Reached XP level 4. HP: 24/24 MP: 3/7
  2203 | D:2      | Reached skill level 1 in Armour
  2730 | D:3      | Reached XP level 5. HP: 20/28 MP: 4/9
  2833 | D:3      | Reached skill level 1 in Maces & Flails
  3088 | D:3      | Found a faded altar of an unknown god.
  3922 | D:4      | Reached XP level 6. HP: 33/33 MP: 4/10
  3967 | D:4      | Learned a level 4 spell: Flame Wave
  4047 | D:4      | Found a glowing drain.
  4062 | Sewer    | Entered a sewer
  4280 | D:4      | Noticed a black bear
  4290 | D:4      | Killed a black bear
  4291 | D:4      | Reached skill level 1 in Fighting
  4291 | D:4      | Reached XP level 7. HP: 38/38 MP: 4/12
  4460 | D:4      | Found a staircase to the Ecumenical Temple.
  4469 | Temple   | Entered the Ecumenical Temple
  4716 | Temple   | Became a worshipper of Vehumet
  5900 | D:5      | Entered Level 5 of the Dungeon
  6198 | D:4      | Reached XP level 8. HP: 42/43 MP: 14/14
  6200 | D:4      | Reached * piety under Vehumet
  6200 | D:4      | Offered knowledge of Sandblast by Vehumet.
  6221 | D:4      | Learned a level 1 spell: Sandblast
  6267 | D:4      | Reached skill level 5 in Fire Magic
  6530 | D:5      | Found a shimmering blue altar of Sif Muna.
  6819 | D:5      | You fall into a shaft and drop 1 floor!
  6992 | D:6      | Reached skill level 5 in Spellcasting
  7061 | D:6      | Reached XP level 9. HP: 48/48 MP: 7/16
  7373 | D:5      | Found a glowing golden altar of the Shining One.
  7505 | D:5      | Noticed a hornet
  7606 | D:5      | Found a runed translucent door.
  7607 | D:5      | Noticed Crazy Yiuf
  7612 | D:5      | Killed Crazy Yiuf
  7856 | D:5      | Learned a level 2 spell: Searing Ray
  7898 | D:6      | Noticed a komodo dragon
  7908 | D:6      | Killed a komodo dragon
  7909 | D:6      | Reached skill level 5 in Conjurations
  7992 | D:6      | Noticed Sigmund
  7999 | D:6      | Killed Sigmund
  8404 | D:7      | Noticed a cyclops
  8425 | D:7      | Killed a cyclops
  8618 | D:7      | Offered knowledge of Shock by Vehumet.
  8751 | D:7      | Reached ** piety under Vehumet
  8946 | D:7      | Noticed Prince Ribbit
  8953 | D:7      | Killed Prince Ribbit
  8954 | D:7      | Reached XP level 10. HP: 54/54 MP: 18/20
  9008 | D:7      | Noticed Joseph
  9023 | D:7      | Killed Joseph
  9024 | D:7      | Reached skill level 5 in Maces & Flails
  9118 | D:7      | Identified the +0 morningstar of the Dead {freeze, rElec
                  | rN+}
  9460 | D:7      | Learned a level 1 spell: Shock
  9472 | D:8      | Found Roejeo Hene's Distillery.
  9587 | D:8      | Bought a potion of heal wounds for 70 gold pieces
  9768 | D:8      | Found Ducof's Weapon Emporium.
  9882 | D:8      | Offered knowledge of Poisonous Vapours by Vehumet.
  9900 | D:8      | Noticed Pikel
  9909 | D:8      | Killed Pikel
 10163 | D:8      | Identified the +0 leather armour of Oghan {Str+9}
 10382 | D:8      | Found Zemuegaste's Book Shoppe.
 10438 | D:8      | Learned a level 2 spell: Blink
 10527 | D:9      | Reached *** piety under Vehumet
 10725 | D:9      | Noticed Maggie
 10734 | D:9      | Killed Maggie
 10735 | D:9      | Reached XP level 11. HP: 60/60 MP: 14/23
 11198 | D:10     | Entered Level 10 of the Dungeon
 11387 | D:10     | Noticed a two-headed ogre
 11393 | D:10     | Offered knowledge of Frozen Ramparts by Vehumet.
 11418 | D:10     | Killed a two-headed ogre
 11493 | D:10     | Found Qohof's Antique Armour Boutique.
 11664 | D:10     | Found Vion Qennoi's Antique Weapon Shoppe.
 11779 | D:10     | Found a staircase to the Lair.
 11856 | D:10     | Found Wetaamus's Jewellery Emporium.
 11859 | D:10     | Found Toubon's Book Boutique.
 11867 | D:10     | Bought a book of Armaments for 396 gold pieces
 11871 | D:10     | Learned a level 3 spell: Stone Arrow
 12294 | D:11     | Noticed a two-headed ogre
 12302 | D:11     | Killed a two-headed ogre
 12306 | D:11     | Identified the +3 buckler "Coalania" {Harm rElec rC- Int-3}
 12310 | D:11     | Identified the +9 falchion "Feynatt" {flame, *Slow rF+
                  | Will+ Str+9}
 12349 | D:11     | Noticed a cyclops
 12363 | D:11     | Killed a cyclops
 12364 | D:11     | Reached skill level 5 in Armour
 12417 | D:11     | Noticed a manticore
 12423 | D:11     | Killed a manticore
 12424 | D:11     | Reached skill level 1 in Earth Magic
 12451 | D:11     | Noticed a cyclops
 12458 | D:11     | Killed a cyclops
 12458 | D:11     | Reached **** piety under Vehumet
 12500 | D:11     | Identified the +1 helmet of the Destroying Gods {Harm rF+
                  | Will++ Str-2}
 12736 | D:11     | Found a runed translucent door.
 12738 | D:11     | Noticed Ereiziar's ghost (journeyman DsFi)
 13225 | Lair:1   | Entered Level 1 of the Lair of Beasts
 13500 | Lair:1   | Reached XP level 12. HP: 50/66 MP: 12/25
 13679 | Lair:1   | Got the Monograph on Destructive Glamour
 13843 | Lair:1   | Identified the +8 flail "Fuolo" {speed, *Rage rElec Will++
                  | Int+3}
 13865 | Lair:1   | Reached skill level 10 in Spellcasting
 14328 | Lair:2   | Offered knowledge of Ignite Poison by Vehumet.
 14344 | Lair:2   | Reached skill level 10 in Fire Magic
 14479 | Lair:2   | Learned a level 3 spell: Ignite Poison
 14623 | Lair:2   | Found a hole to the Spider Nest.
 14829 | Lair:2   | Upgraded the game from 0.29-b1-11-g2030932060 to 0.29.0
 14923 | Lair:2   | Found a staircase to the Shoals.
 15314 | Lair:2   | Reached skill level 5 in Dodging
 15371 | Lair:2   | Reached ***** piety under Vehumet
 15439 | Lair:2   | Offered knowledge of Starburst by Vehumet.
 16197 | Lair:2   | Reached XP level 13. HP: 72/72 MP: 22/28
 16367 | Lair:2   | Learned a level 6 spell: Starburst
 16468 | Lair:3   | Reached skill level 5 in Earth Magic
 17830 | Lair:4   | Found a staircase to the Slime Pits.
 17831 | Lair:4   | Found a viscous altar of Jiyva.
 17893 | Lair:4   | Found a dark tunnel.
 17898 | Volcano  | Entered a volcano
 18329 | Volcano  | Found a bloodstained altar of Trog.
 18563 | Volcano  | Reached skill level 10 in Conjurations
 19001 | Lair:4   | Reached skill level 5 in Fighting
 19402 | Lair:4   | Gained mutation: Your large and strong wings let you fly.
                  | [Gargoyle growth]
 19402 | Lair:4   | Reached XP level 14. HP: 78/78 MP: 24/30
 20636 | Lair:5   | Entered Level 5 of the Lair of Beasts
 20841 | Lair:5   | Identified the +1 leather armour "Dadol" {Harm SInv}
 21401 | Lair:5   | Offered knowledge of Freezing Cloud by Vehumet.
 22076 | Lair:5   | Found the +12 glaive of Prune {vorpal}
 22672 | Lair:5   | Learned a level 5 spell: Fireball
 22889 | D:11     | Killed Ereiziar's ghost
 23247 | D:12     | Noticed Urug
 23256 | D:12     | Killed Urug
 23257 | D:12     | Reached XP level 15. HP: 84/84 MP: 10/32
 23587 | D:12     | Found a staircase to the Orcish Mines.
 23726 | D:12     | Identified the +3 mace of Modern Blind Justice {venom,
                  | rElec rN+ Dex+4}
 23951 | D:12     | Identified a scroll of acquirement
 23951 | D:12     | Acquired 638 gold pieces
 23983 | Orc:1    | Entered Level 1 of the Orcish Mines
 24254 | Orc:1    | Reached ****** piety under Vehumet
 24440 | Orc:1    | You are sucked into a shaft and drop 1 floor!
 24440 | Orc:2    | Entered Level 2 of the Orcish Mines
 24491 | Orc:2    | Found Tel Gajo's Magic Scroll Boutique.
 24509 | Orc:2    | Found Paegon's Weapon Emporium.
 24542 | Orc:2    | Offered knowledge of Iron Shot by Vehumet.
 24826 | Orc:2    | Found Exuewis's General Store.
 24826 | Orc:2    | Found Edeemn's Assorted Antiques.
 24827 | Orc:2    | Found Goxtoim's Distillery.
 24827 | Orc:2    | Found Xeerux's Antique Weapon Shoppe.
 24849 | Orc:2    | Found a staircase to the Elven Halls.
 24850 | Orc:2    | Found Peynofix's General Store.
 24882 | Orc:2    | Found Wirhoe's Assorted Antiques.
 24996 | Orc:2    | Found Ewair's General Store.
 25123 | Orc:2    | Reached skill level 10 in Earth Magic
 25937 | Orc:1    | Learned a level 6 spell: Iron Shot
 25982 | Orc:2    | Bought a vibrating ivory ring for 140 gold pieces
 25982 | Orc:2    | Identified the ring "Mosigh" {Ice rCorr Dex+5 SInv} (You
                  | bought it in a shop on level 2 of the Orcish Mines)
 26066 | D:10     | Bought the ring of the Mage {Wiz Archmagi} for 765 gold
                  | pieces
 26066 | D:10     | Found the ring of the Mage {Wiz Archmagi}
 27554 | D:14     | Offered knowledge of Ozocubu's Refrigeration by Vehumet.
 27706 | D:14     | Reached XP level 16. HP: 88/88 MP: 24/34
 27941 | D:14     | Found a gate to the Vaults.
 28085 | D:14     | Found a transporter.
 28087 | D:14     | Noticed Kapsuk's ghost (journeyman DECj)
 28391 | D:15     | Entered Level 15 of the Dungeon
 28689 | D:15     | Found a blossoming altar of Fedhas.
 29516 | D:15     | Found a staircase to the Depths.
 30331 | Spider:1 | Entered Level 1 of the Spider Nest
 30932 | Spider:1 | Noticed Donald
 30938 | Spider:1 | Killed Donald
 31301 | Spider:1 | Offered knowledge of Lee's Rapid Deconstruction by Vehumet.
 31487 | Spider:1 | Identified the +0 ring mail of the Lily {SInv Stlth+}
 31931 | Spider:2 | Blown up by a sun moth

Illustrated notes

Levels and vault maps discovered:
D:1:      dreamdust_arrival_sigmund_warning, layout_basic, serial_shops,
          nicolae_shop_crystal
D:2:      minmay_chambers_of_twos, layout_loops_ring, nrook_mini_backslash,
          grunt_ministairs_5
D:3:      layout_basic, hellmonk_ecumenical_altar_inner_sanctum,
          serial_bayou_lake_a
D:4:      layout_layer_cave, minmay_temple_entry_glassed_door,
          gup_sewer_entry_pipe, chequers_serial_rivers_room_a,
          hangedman_decor_lopped
D:5:      layout_rooms, led_sif_book, marbit_many_paths, lightli_corner_chamber,
          uniq_crazy_yiuf_cottage
D:6:      layout_loops_ring, uniq_sigmund
D:7:      layout_loops_ring, dreamdust_princess_bridge, uniq_joseph,
          uniq_prince_ribbit1
D:8:      layout_rooms, serial_shops, nicolae_shop_bloodbath_and_beyond,
          nicolae_shop_hallway_stairs, shop, uniq_pikel
D:9:      layout_irregular_city, serial_glass, glass_columns_c, glass_columns_b,
          uniq_maggie
D:10:     layout_basic, lair_entry_dummy, serial_shops, nicolae_diamond_shop,
          nicolae_shop_window_shopping, nicolae_stop_n_shop_1, shop,
          grunt_ministairs_3
D:11:     layout_basic, ebering_ghost_inner_flame
D:12:     layout_rooms, orc_0_dummy, nicolae_figureground_pulse, uniq_urug
D:13:     layout_gridville
D:14:     layout_cave_pools, hangedman_vaults_entry_quadrant_bands,
          gammafunk_ghost_mausoleum, reono_crystal_passage
D:15:     grunt_enter_depths_giant_problem, layout_basic, lemuel_tele_altar
Temple:   mainiacjoe_temple_cubbyholes
Lair:1:   layout_regular_city, worms_lemuel, lemuel_fruit_tree
Lair:2:   regret_index_combs_of_tragedy, layout_long_grid,
          minmay_shoals_entry_beasts, spider_nest_entry_a, st_stairs_5
Lair:3:   layout_chaotic_city, cheibrodos_lair_lostbears
Lair:4:   beast_lair_carwin_large_4, layout_long_grid, slime_entry_1,
          enter_volcano_4, cheibrodos_lair_reptile_den
Lair:5:   hangedman_lair_tendril_chambers, layout_regular_city
Spider:1: layout_spider_delve, uniq_donald
Spider:2: layout_spider_delve
Orc:1:    layout_caves
Orc:2:    st_orc_ogre_mass, layout_caves, basic_altar, serial_shops, shop,
          nicolae_shop_stone, nicolae_lakefront_shop, shop, nicolae_shop_trees,
          gauntlet_entry_generic

Skill      XL: |  1  2  3  4  5  6  7  8  9 10 11 12 13 14 15 16 |
---------------+-------------------------------------------------+-----
Conjurations   | 2 3 4 5 7 8 10 12 13 14 | 14.7
Armour         | 1 2 3 5 6 7 8 |  8.7
Dodging        | 2 3 4 5 6 |  6.5
Maces & Flails | 1 2 3 4 5 6 7 8 9 |  9.3
Spellcasting   | 3 4 5 7 8 9 11 12 13 14 | 14.8
Fire Magic     | 4 5 6 8 9 10 11 | 11.8
Fighting       | 1 2 3 4 5 6 |  6.3
Stealth        | 3 4 |  4.3
Earth Magic    | 1 4 7 9 10 11 | 11.7
Translocations | |  0.1

Action                   |  1- 3 |  4- 6 |  7- 9 | 10-12 | 13-15 | 16-18 || total
-------------------------+-------+-------+-------+-------+-------+-------++-------
Melee: Mace              |    52 |    64 |    54 |       |       |       ||   170
       Punch             |     1 |     1 |     2 |     5 |     1 |     1 ||    11
       Flail             |       |       |    77 |   201 |   226 |    84 ||   588
 Cast: Foxfire           |    44 |    95 |   159 |   203 |   236 |    61 ||   798
       Scorch            |     1 |     3 |    40 |    72 |     6 |     4 ||   126
       Flame Wave        |       |       |     2 |    18 |     1 |       ||    21
       Conjure Flame     |       |       |     1 |       |       |       ||     1
       Stone Arrow       |       |       |       |    99 |   415 |    20 ||   534
       Sandblast         |       |       |       |     5 |       |       ||     5
       Searing Ray       |       |       |       |     2 |       |       ||     2
       Shock             |       |       |       |     1 |     1 |       ||     2
       Blink             |       |       |       |       |     1 |       ||     1
       Starburst         |       |       |       |       |    28 |     8 ||    36
       Iron Shot         |       |       |       |       |    25 |    74 ||    99
       Fireball          |       |       |       |       |     3 |       ||     3
Evoke: Wand              |       |       |       |       |     1 |       ||     1
  Use: Scroll            |       |    11 |     5 |     7 |    16 |     2 ||    41
       Potion            |       |       |     1 |     1 |     2 |     2 ||     6
 Stab: Sleeping          |     1 |     1 |       |       |       |       ||     2
Armor: Robe              |    18 |       |       |       |       |       ||    18
       Leather armour    |    11 |    60 |   115 |    57 |       |       ||   243
       Ring mail         |     2 |       |       |       |   246 |    89 ||   337
       Swamp dragon scal |       |       |       |   209 |    41 |       ||   250
       Chain mail        |       |       |       |       |     6 |       ||     6
Dodge: Dodged            |    48 |    55 |   202 |   264 |   199 |    59 ||   827
